 Dungeon Crawl Stone Soup version 0.18-a0-1799-g6250cb2 (webtiles) character file.

70 AlphabetPasta the Skirmisher (level 4, 0/35 HPs)
             Began as a Demonspawn Chaos Knight on Apr 22, 2016.
             Slain by a gnoll
             ... wielding a +0 flail
              (7 damage)
             ... on level 2 of the Dungeon.
             The game lasted 00:08:06 (901 turns).

AlphabetPasta the Skirmisher (DsCK)                  Turns: 901, Time: 00:08:06

Health: 0/35       AC:  6    Str: 13    XL:     4   Next: 4%
Magic:  4/4        EV: 12    Int: 13    God:    Xom [*.....]
Gold:   46         SH:  0    Dex: 13    Spells: 0 memorised, 3 levels left

rFire  . . .     SeeInvis .     a - +0 spear (chaos)
rCold  . . .     Gourm    .     b - +2 leather armour
rNeg   . . .     Faith    .     (no shield)
rPois  .         Spirit   .     (helmet restricted)
rElec  .         Dismiss  .     (no cloak)
rCorr  .         Reflect  .     e - +0 pair of gloves
SustAt .         Harm     .     (no boots)
MR     .....                    (no amulet)
Stlth  +.........               (no ring)
                                (no ring)

@: not resistant to hostile enchantments, very unstealthy
A: antennae 1, demonic guardian 1, rot immunity
a: Renounce Religion


You were on level 2 of the Dungeon.
You worshipped Xom.
You were a special plaything of Xom.
You were hungry.

You visited 1 branch of the dungeon, and saw 2 of its levels.

You collected 46 gold pieces.

Inventory:

Hand Weapons
 a - a +0 spear of chaos (weapon)
Armour
 b - a +2 leather armour (worn)
 e - a +0 pair of gloves (worn)
 f - a +0 helmet
Scrolls
 d - a scroll of remove curse {unknown}
 h - a scroll of amnesia {unknown}
 i - a scroll of teleportation {unknown}
Comestibles
 c - 2 bread rations
 g - 5 chunks of flesh


   Skills:
 + Level 3.4 Fighting
 + Level 3.3 Polearms
 + Level 2.4 Armour
 + Level 1.9 Dodging


You had 3 spell levels left.
You didn't know any spells.

Dungeon Overview and Level Annotations

Branches:
Dungeon (2/15)

Altars:


Innate Abilities, Weirdness & Mutations

You have a pair of small antennae on your head.
A weak demonic guardian rushes to your aid.
You are immune to rotting.


Message History

Aim: a gnoll, wielding a spear (heavily wounded)
You reach to attack!
You hit the gnoll.
You feel better.
You kill the gnoll!
You have reached level 4!
You feel stronger.
Your demonic ancestry asserts itself...
A pair of antennae grows on your head!
Your +0 helmet falls away!
You have 46 gold pieces.
You start resting.
A dart slug comes into view.
You see here a spear.
You hit the gnoll.
The gnoll flickers and vanishes!
Deactivating autopickup; reactivate with Ctrl-A.
Something hits you.
* * * LOW HITPOINT WARNING * * *
You miss something. You miss something. Something barely misses you.
You are feeling hungry.
You barely miss something. Something hits you!
You die...

.. .g. #.##.##<...# .
..#.#.##†####..# #.
#.#.#.##.# .#
.##.#.#g##)# ..
........))# ..
#..#.#.##.# .. .#
#..#.#.##)###.... #
#..#{#.##........
..#####..#@#.##.###....
......w..).............
..#......#.....[....#.#
#..##.#.......###.# #..
#.....##### # #.
#.#..## $ ...#..#
....#..# ........#


You could see a dart slug.

Vanquished Creatures
  Robin (D:2)
  A gnoll (D:2)
  An adder (D:2)
  2 bats (D:1)
  A giant cockroach (D:1)
  17 goblins
  4 hobgoblins
  5 kobolds (D:1)
  A giant newt (D:1)
  6 rats (D:1)
39 creatures vanquished.

Notes
Turn   | Place    | Note
--------------------------------------------------------------
     0 | D:1      | AlphabetPasta the Demonspawn Chaos Knight began the quest for the Orb.
     0 | D:1      | Reached XP level 1. HP: 18/18 MP: 1/1
    14 | D:1      | Reached skill level 1 in Dodging
   122 | D:1      | Gained mutation: A weak demonic guardian rushes to your aid. [demonic ancestry]
   122 | D:1      | Reached XP level 2. HP: 21/24 MP: 2/2
   132 | D:1      | XOM: harmless Tloc miscast
   134 | D:1      | XOM: silly message
   296 | D:1      | XOM: summons 1 hostile demon
   297 | D:1      | Noticed a crimson imp
   394 | D:1      | XOM: summons 1 hostile demon
   795 | D:2      | Gained mutation: You are immune to rotting. [demonic ancestry]
   795 | D:2      | Reached XP level 3. HP: 23/29 MP: 3/3
   802 | D:2      | XOM: medium Pois miscast
   804 | D:2      | Noticed Robin
   804 | D:2      | XOM: enchant monster (good)
   833 | D:2      | Killed Robin
   890 | D:2      | Gained mutation: You have a pair of small antennae on your head. [demonic ancestry]
   890 | D:2      | Reached XP level 4. HP: 9/35 MP: 4/4
   901 | D:2      | Slain by a gnoll

Vault maps used:
D:1:      dpeg_arrival_ratfight, serial_bayou_pond_a
D:2:      first_bread, uniq_robin

Skill      XL: |  1  2 |
---------------+-------+-----
Dodging        | 1 |  1.9
Polearms       | 3 |  3.3
Armour         | 2 |  2.4
Fighting       | |  3.4

Action                   |  1- 3 |  4- 6 || total
-------------------------+-------+-------++-------
Melee: Spear             |   146 |     4 ||   150
  Use: Potion            |     5 |       ||     5
 Stab: Invisible         |     2 |       ||     2
       Sleeping          |     1 |       ||     1
Armor: Leather armour    |    73 |       ||    73
Dodge: Dodged            |    68 |     1 ||    69
